 Dungeon Crawl Stone Soup version 0.27.1 (webtiles) character file.

Game seed: 17835603807002212631

46 Malachi the Chopper (level 3, 0/29 HPs)
             Began as a Ghoul Gladiator on Aug 31, 2021.
             Slain by Robin (1 damage)
             ... on level 2 of the Dungeon.
             The game lasted 00:01:46 (1096 turns).

Malachi the Chopper (Ghoul Gladiator)               Turns: 1096, Time: 00:01:47

Health: 0/29       AC:  7    Str: 18    XL:     3   Next: 66%
Magic:  2/2        EV: 10    Int:  3    God:
Gold:   11         SH:  0    Dex: 10    Spells: 2/2 levels left

rFire    . . .     SeeInvis .   a - +0 war axe
rCold    + . .     Faith    .   (no shield)
rNeg     + + +     Spirit   .   e - +0 scale mail
rPois    ∞         Reflect  .   c - +0 helmet
rElec    .         Harm     .   (no cloak)
rCorr    .         Rampage  .   (no gloves)
Will     .....                  (no boots)
Stlth    ..........             (no amulet)
HPRegen  0.00/turn              (no ring)
MPRegen  0.08/turn              (no ring)

@: inhibited regen
A: claws 1, cold resistance 1, negative energy resistance 3, inhibited
regeneration, torment resistance 2
a: no special abilities


You were on level 2 of the Dungeon.
You visited 1 branch of the dungeon, and saw 2 of its levels.

You collected 11 gold pieces.

Inventory:

Hand Weapons
 a - a +0 war axe (weapon)
Missiles
 d - 3 throwing nets (quivered)
Armour
 c - a +0 helmet (worn)
 e - a +0 scale mail (worn)
Scrolls
 b - a scroll of brand weapon {unknown}
 f - a scroll of holy word {unknown}


   Skills:
 + Level 2.3 Fighting
 + Level 3.5 Axes
 + Level 1.7 Throwing
 + Level 0.5 Armour
 + Level 3.1 Dodging


You had 2 spell levels left.
You didn't know any spells.
Your spell library was empty.

Dungeon Overview and Level Annotations

Branches:
Dungeon (2/15)

Altars:

Annotations:
D:2 Robin


Innate Abilities, Weirdness & Mutations

You thrive by killing the living.
You are immune to poison.
You have sharp fingernails.
Your flesh is cold resistant. (rC+)
You are immune to negative energy. (rN+++)
You do not regenerate when monsters are visible.
You are immune to unholy pain and torment.


Message History

Robin roars a battlecry!
The goblins go into a battle-frenzy!
The goblin misses you.
You hear a shout!
The goblin shouts!
You hit the worm.
The worm is almost dead.
You slash the goblin!
You kill the goblin!
A hobgoblin comes into view.
The worm bites you.
* * * LOW HITPOINT WARNING * * *
You slash the worm!
You kill the worm!
You feel better.
A goblin comes into view.
It is wielding a +0 dagger. 2 goblins come into view.
The goblin shouts! x2; You hear a shout!
A goblin comes into view. It is wielding a +0 vampiric dagger.
The hobgoblin barely misses you.
A goblin comes into view. It is wielding a +0 dagger.
Robin throws the goblin at you!
Things that are here:
a +0 club; a +0 dagger Unknown command.
You barely miss the goblin. You barely miss the hobgoblin.
The goblin hits you but does no damage. The hobgoblin closely misses you.
The goblin closely misses you.
You closely miss the goblin.
Your scale mail prevents you from hitting the hobgoblin.
A frilled lizard comes into view.
The hobgoblin hits you but does no damage.
The goblin hits you with a +2 dagger of flaming.
* * * LOW HITPOINT WARNING * * *
The goblin burns you.
* * * LOW HITPOINT WARNING * * *
You barely miss the goblin. You slash the hobgoblin!
You kill the hobgoblin!
The goblin completely misses you. Robin hits you with a +0 dagger.
You die... ...#. .... .l.. .g# ggg

#g# ( #g# ... #@#
#..### #g# ####
#.....#### #†# #..
#.††.###†###.#
#......##...#..##.#
....... ###..>...<#
....... ####.#..#
....... #........
♣...... #..........


You could see Robin, a hobgoblin (strong), 5 goblins and a frilled lizard.

Vanquished Creatures
  A gnoll (D:1)
  2 worms (D:2)
  2 ball pythons (D:1)
  3 endoplasms (D:1)
  A giant cockroach (D:1)
  3 goblins
  5 hobgoblins
  6 bats
  2 frilled lizards
  5 rats
30 creatures vanquished.

Notes
Turn   | Place    | Note
-------+----------+-------------------------------------------
     0 | D:1      | Malachi the Ghoul Gladiator began the quest for the Orb.
     0 | D:1      | Reached XP level 1. HP: 17/17 MP: 0/0
   208 | D:1      | Reached XP level 2. HP: 19/24 MP: 1/1
   459 | D:1      | Reached XP level 3. HP: 29/29 MP: 2/2
  1087 | D:2      | Noticed Robin
  1095 | D:2      | HP: 1/29 [goblin[Robin] (1)]
  1096 | D:2      | Slain by Robin

Illustrated notes

Levels and vault maps discovered:
D:1:      heliophobic_arrival_dark_side_of_the_moon, layout_loops_ring,
          grunt_decor_clamped, grunt_decor_mini_mirrors
D:2:      layout_rooms, hellmonk_ecumenical_altar_lost_god, grunt_ministairs_1,
          uniq_robin, uniq_sigmund

Skill      XL: |  1  2 |
---------------+-------+-----
Dodging        | 3 |  3.1
Axes           | 3 |  3.5
Fighting       | |  2.3
Throwing       | |  1.7
Armour         | |  0.5

Action                   || total
-------------------------++-------
Melee: War axe           ||   100
Armor: Leather armour    ||    19
       Scale mail        ||    42
Dodge: Dodged            ||    79
